 Dungeon Crawl Stone Soup version 0.24-a0-412-ge138f7e (webtiles) character file.

Game seed: 7864149663653504691

114 Spazmo the Magician (level 4, -2/24 HPs)
             Began as a Deep Elf Wizard on June 6, 2019.
             Slain by Terence
             ... wielding a +0 mace
              (6 damage)
             ... on level 3 of the Dungeon.
             The game lasted 00:05:51 (2360 turns).

Spazmo the Magician (Deep Elf Wizard)               Turns: 2360, Time: 00:05:51

Health: -2/24      AC:  2    Str:  4    XL:     4   Next: 66%
Magic:  0/14       EV: 13    Int: 24    God:
Gold:   153        SH:  0    Dex: 13    Spells: 6/15 levels left

rFire    . . .     SeeInvis .   i - +1 dagger (venom)
rCold    . . .     Gourm    .   (no shield)
rNeg     . . .     Faith    .   a - +0 robe
rPois    .         Spirit   .   b - +0 hat
rElec    .         Reflect  .   (no cloak)
rCorr    .         Harm     .   (no gloves)
MR       .....                  (no boots)
Stlth    ++........             (no amulet)
HPRegen  0.08/turn              (no ring)
MPRegen  0.14/turn              (no ring)

@: very slightly contaminated
A: no striking features
a: no special abilities


You were on level 3 of the Dungeon.
You were not hungry.

You visited 1 branch of the dungeon, and saw 3 of its levels.

You collected 153 gold pieces.

Inventory:

Hand Weapons
 i - a +1 dagger of venom (weapon)
Missiles
 f - 100 stones (quivered)
Armour
 a - a +0 robe (worn)
 b - a +0 hat (worn)
Scrolls
 g - 2 scrolls of remove curse
 h - a scroll of identify
Potions
 c - 2 potions of resistance
 j - 3 potions of curing
 k - a potion of heal wounds {unknown}
Comestibles
 d - 5 rations
 l - 7 chunks of flesh


   Skills:
 - Level 2.4 Dodging
 - Level 2.4 Stealth
 + Level 6.1 Spellcasting
 + Level 3.6 Conjurations
   Level 1.1 Summonings
 - Level 1.1 Translocations


You had 6 spell levels left.
You knew the following spells:

 Your Spells              Type           Power        Failure   Level  Hunger
a - Magic Dart            Conj           ###.         1%          1    None
b - Blink                 Tloc           N/A          8%          2    None
c - Conjure Flame         Conj/Fire      ###.....     11%         3    #......
d - Mephitic Cloud        Conj/Pois/Air  ##......     14%         3    #......

Your spell library contained the following spells:

 Spells                   Type           Power        Failure   Level  Hunger
 Call Imp                 Summ           ##......     8%          2    None
 Slow                     Hex            #.......     12%         2    None


Dungeon Overview and Level Annotations

Branches:
Dungeon (3/15)

Altars:
Xom

Annotations:
D:3 Terence


Message History

Terence hits you but does no damage.
Casting: Magic Dart (safe; 1% risk of failure)
Confirm with . or Enter, or press ? or * to list all spells.
Aiming: Magic Dart (safe; 1% risk of failure)
Press: ? - help, Shift-Dir - straight line, f/p - Terence
Aim: Terence, wielding a +0 mace and wearing a +0 chain mail (severely wounded)
The magic dart hits Terence but does no damage.
Terence is severely wounded.
Terence hits you with a +0 mace.
* * * LOW HITPOINT WARNING * * *
Casting: Magic Dart (safe; 1% risk of failure)
Confirm with . or Enter, or press ? or * to list all spells.
Aiming: Magic Dart (safe; 1% risk of failure)
Press: ? - help, Shift-Dir - straight line, f/p - Terence
Aim: Terence, wielding a +0 mace and wearing a +0 chain mail (severely wounded)
You miscast Magic Dart.
You are very lightly contaminated with residual magic.
You are momentarily dazzled by a flash of light!
Terence hits you with a +0 mace.
You die...

...# ...#
...### ...'.
...#
##+#####...#
#......@..###
#......@.$..##.
.####
#.>........†...
.....
#...........###
###
#.........###
#.........# #
#.........# #
#.........# #
##'######## #
#.# #


You could see Terence.

Vanquished Creatures
  2 adders (D:2)
  An ooze (D:2)
  2 worms (D:3)
  4 dart slugs
  3 leopard geckos
  3 orcs (D:2)
  A ball python (D:3)
  10 bats
  2 giant cockroaches
  3 goblins
  6 hobgoblins
  9 jackals
  2 frilled lizards (D:1)
  A jackal zombie (D:3)
  11 kobolds
  9 rats
69 creatures vanquished.

Notes
Turn   | Place    | Note
-------+----------+-------------------------------------------
     0 | D:1      | Spazmo the Deep Elf Wizard began the quest for the Orb.
     0 | D:1      | Reached XP level 1. HP: 10/10 MP: 7/7
   161 | D:1      | Reached XP level 2. HP: 11/15 MP: 1/9
   165 | D:1      | Learned a level 2 spell: Blink
   272 | D:1      | Reached skill level 5 in Spellcasting
   528 | D:1      | Reached XP level 3. HP: 19/19 MP: 7/11
   533 | D:1      | Learned a level 3 spell: Conjure Flame
   537 | D:1      | Learned a level 3 spell: Mephitic Cloud
  1520 | D:2      | Found a shimmering altar of Xom.
  1528 | D:2      | Reached XP level 4. HP: 24/24 MP: 8/13
  2110 | D:3      | Reached skill level 6 in Spellcasting
  2346 | D:3      | Noticed Terence
  2360 | D:3      | Slain by Terence

Levels and vault maps discovered:
D:1:      dpeg_arrival_tiny_a, layout_basic, lemuel_flame_loot_1
D:2:      layout_basic, nicolae_overflow_crystal_walls
D:3:      layout_basic, uniq_terence

Skill      XL: |  1  2  3  4 |
---------------+-------------+-----
Conjurations   | 2 3 |  3.6
Spellcasting   | 5 6 |  6.1
Dodging        | |  2.4
Stealth        | |  2.4
Summonings     | |  1.1
Translocations | |  1.1

Action                   |  1- 3 |  4- 6 || total
-------------------------+-------+-------++-------
Melee: Unarmed           |    17 |       ||    17
       Dagger            |    28 |       ||    28
 Cast: Magic Dart        |    97 |    66 ||   163
       Blink             |     2 |       ||     2
  Use: Potion            |     1 |       ||     1
       Scroll            |     5 |     2 ||     7
  Eat: Chunk             |     2 |     2 ||     4
Armor: Robe              |     6 |       ||     6
Dodge: Dodged            |    51 |     3 ||    54

Table legend:
 A = Non-vault XP
 B = Vault XP
 C = Vault XP percentage of total XP
 D = Non-vault monster count
 E = Vault monster count
 F = Vault count percentage of total count
                 A         B        C        D         E       F
            +---------+---------+-------+---------+---------+-------
      Total |     163 |       0 |   0.0 |      69 |       0 |   0.0
            +---------+---------+-------+---------+---------+-------
        D:1 |      60 |       0 |   0.0 |      31 |       0 |   0.0
        D:2 |      71 |       0 |   0.0 |      22 |       0 |   0.0
        D:3 |      32 |       0 |   0.0 |      16 |       0 |   0.0
            +---------+---------+-------+---------+---------+-------
